 Dungeon Crawl Stone Soup version 0.19.5 (webtiles) character file.

76 Alannah the Chiller (level 4, 0/31 HPs)
             Began as a Merfolk Ice Elementalist on Apr 6, 2017.
             Slain by a bullfrog skeleton (5 damage)
             ... on level 3 of the Dungeon.
             The game lasted 00:15:50 (2067 turns).

Alannah the Chiller (Merfolk Ice Elementalist)      Turns: 2067, Time: 00:15:51

Health: 0/31       AC:  2    Str:  8    XL:     4   Next: 32%
Magic:  6/7        EV: 14    Int: 15    God:
Gold:   88         SH:  3    Dex: 14    Spells: 3 memorised, 2 levels left

rFire  . . .     SeeInvis .     g - +0 short sword
rCold  + . .     Gourm    .     a - +0 robe
rNeg   . . .     Faith    .     (no shield)
rPois  .         Spirit   .     (no helmet)
rElec  .         Reflect  +     (no cloak)
rCorr  .         Harm     .     (no gloves)
MR     .....                    (no boots)
Stlth  ++........               d - +3 amulet of reflection
                                (no ring)
                                h - ring of protection from cold

@: flying
A: change form in water, swift swim, stealthy swim
a: no special abilities


You were on level 3 of the Dungeon.
You were not hungry.

You visited 1 branch of the dungeon, and saw 3 of its levels.

You collected 88 gold pieces.

Inventory:

Hand Weapons
 g - a +0 short sword (weapon)
Missiles
 j - 6 javelins (quivered)
Armour
 a - a +0 robe (worn)
Jewellery
 d - a +3 amulet of reflection (around neck)
 h - a ring of protection from cold (left hand)
Scrolls
 e - 2 scrolls of remove curse {unknown}
 f - a scroll of identify {unknown}
 i - 2 scrolls of fear {unknown}
 m - a scroll of recharging {unknown}
 o - a scroll of enchant weapon {unknown}
 r - a scroll of blinking {unknown}
 s - a scroll of amnesia {unknown}
Potions
 k - 2 potions of flight
 l - a potion of degeneration {unknown}
 q - a potion of haste {unknown}
Books
 b - a book of Frost

   Spells                             Type                      Level
   a - Freeze                         Ice                          1
   b - Throw Frost                    Conjuration/Ice              2
   c - Ozocubu's Armour               Charms/Ice                   3
   d - Throw Icicle                   Conjuration/Ice              4
   e - Summon Ice Beast               Ice/Summoning                4
Comestibles
 c - 2 bread rations
 p - a beef jerky


   Skills:
 + Level 0.4 Fighting
 * Level 3.6 Dodging
 * Level 2.8 Stealth
 * Level 2.5 Spellcasting
 + Level 1.0 Conjurations
 + Level 0.2 Charms
 * Level 4.0 Ice Magic


You had 2 spell levels left.
You knew the following spells:

 Your Spells              Type           Power        Failure   Level  Hunger
a - Freeze                Ice            ##..         4%          1    #......
b - Throw Frost           Conj/Ice       #.....       12%         2    ###....
c - Ozocubu's Armour      Chrm/Ice       #.......     30%         3    ###....


Dungeon Overview and Level Annotations

Branches:
Dungeon (3/15)

Altars:


Message History

You hit the bullfrog skeleton but do no damage.
The bullfrog skeleton is heavily damaged.
The bullfrog skeleton misses you.
All of the chunks of flesh in your inventory have rotted away.
You hit the bullfrog skeleton.
The bullfrog skeleton is heavily damaged.
The bullfrog skeleton misses you. The bullfrog skeleton hits you.
You hit the bullfrog skeleton.
The bullfrog skeleton is severely damaged.
The bullfrog skeleton hits you.
An orc comes into view. It is wielding a short sword.
You barely miss the bullfrog skeleton.
The bullfrog skeleton is severely damaged.
The bullfrog skeleton completely misses you.
The bullfrog skeleton hits you!
* * * LOW HITPOINT WARNING * * *
It was a potion of flight.
You feel very buoyant.
You fly up into the air.
The bullfrog skeleton hits you.
You die...

#..####......#
#..#.........#
##..#.##.######
####...#.##...#
#.............#
#.##.#.#.##...##
#.##.#.#..........
###.##.##<............#
#.<...@####.#.........#
...#.##Z# #.####.....##
# #o. ..# #...###
#.###### ....# .o. ...#
.#. ..# # #


You could see 2 orcs and a bullfrog skeleton.

Vanquished Creatures
  2 adders
  An ooze (D:1)
  A dart slug (D:1)
  A leopard gecko (D:1)
  3 giant cockroaches
  5 goblins
  14 hobgoblins
  A jackal (D:1)
  3 kobolds
  7 bats
  2 frilled lizards
  6 rats
46 creatures vanquished.

Notes
Turn   | Place    | Note
-------+----------+-------------------------------------------
     0 | D:1      | Alannah the Merfolk Ice Elementalist began the quest for the Orb.
     0 | D:1      | Reached XP level 1. HP: 13/13 MP: 3/3
   289 | D:1      | Reached XP level 2. HP: 13/19 MP: 0/5
   405 | D:1      | Learned a level 2 spell: Throw Frost
   633 | D:1      | Reached XP level 3. HP: 24/24 MP: 0/6
   695 | D:1      | Learned a level 3 spell: Ozocubu's Armour
  1425 | D:2      | Reached skill level 4 in Ice Magic
  1501 | D:2      | Reached XP level 4. HP: 31/31 MP: 1/7
  1516 | D:2      | Reached skill level 1 in Conjurations
  1827 | D:2      | Found a faded altar of an unknown god.
  2067 | D:3      | Slain by a bullfrog skeleton

Skill      XL: |  1  2  3  4 |
---------------+-------------+-----
Dodging        | 3 |  3.6
Ice Magic      | 4 |  4.0
Conjurations   | 1 |  1.0
Fighting       | |  0.4
Stealth        | |  2.8
Spellcasting   | |  2.5
Charms         | |  0.2

Action                   |  1- 3 |  4- 6 || total
-------------------------+-------+-------++-------
Melee: Short sword       |    18 |    11 ||    29
       Unarmed           |     5 |       ||     5
 Cast: Freeze            |    49 |    15 ||    64
       Throw Frost       |    10 |       ||    10
  Use: Potion            |       |     1 ||     1
  Eat: Chunk             |     3 |     2 ||     5
Armor: Robe              |    10 |     1 ||    11
Dodge: Dodged            |    39 |    12 ||    51
Block: Other             |     3 |     1 ||     4
